 Dungeon Crawl Stone Soup version 0.26-a0-224-g2964c8cf50 (webtiles) character file.

Game seed: 12227301728086513644

3057 Apogee the Cleaver (level 9, 0/85 HPs)
             Began as a Hill Orc Fighter on July 6, 2020.
             Was a Priest of Okawaru.
             Slain by an orc warrior
             ... wielding a +0 battleaxe
              (17 damage)
             ... in a bailey.
             The game lasted 00:13:40 (8498 turns).

Apogee the Cleaver (Hill Orc Fighter)               Turns: 8498, Time: 00:13:40

Health: 0/85       AC: 13    Str: 22    XL:     9   Next: 87%
Magic:  9/9        EV: 10    Int:  8    God:    Okawaru [***...]
Gold:   351        SH:  0    Dex: 10    Spells: 8/8 levels left

rFire    . . .     SeeInvis .   a - +1 war axe
rCold    . . .     Faith    .   (no shield)
rNeg     . . .     Spirit   .   j - +1 plate armour
rPois    .         Reflect  .   (no helmet)
rElec    .         Harm     .   (no cloak)
rCorr    .                      G - +0 pair of gloves
MR       .....                  (no boots)
Stlth    ..........             (no amulet)
HPRegen  0.24/turn              q - ring of flight
MPRegen  0.11/turn              J - +4 ring of evasion

@: very slightly contaminated
A: no striking features
a: Heroism, Renounce Religion, Evoke Flight


You were in a bailey.
You worshipped Okawaru.
Okawaru was most pleased with you.
You were not hungry.

You visited 2 branches of the dungeon, and saw 9 of its levels.
You also visited: Bailey.

You collected 351 gold pieces.

Inventory:

Hand Weapons
 a - a +1 war axe (weapon)
 i - a +2 dagger of draining
 r - a +2 dagger of electrocution
 t - a cursed -2 dagger
 A - a +1 falchion of holy wrath
 O - a +0 whip of flaming
Missiles
 h - 28 boomerangs
 p - 228 stones (quivered)
 E - 6 javelins
Armour
 b - a +0 scale mail
 c - a +0 kite shield
 j - a +1 plate armour (worn)
 G - a +0 pair of gloves (worn)
 I - a +1 ring mail of positive energy
Jewellery
 q - a ring of flight (left hand)
 J - a +4 ring of evasion (right hand)
Wands
 w - a wand of acid (9)
 B - a wand of flame (16)
 D - a wand of enslavement (14)
 M - a wand of iceblast (6)
Scrolls
 l - 3 scrolls of remove curse
 o - 3 scrolls of amnesia
 s - 6 scrolls of enchant armour
 u - a scroll of enchant weapon
 y - 2 scrolls of teleportation
 F - a scroll of magic mapping
Potions
 d - a potion of might
 e - 4 potions of brilliance
 g - 2 potions of flight
 k - 3 potions of invisibility
 m - a potion of heal wounds
 n - a potion of degeneration
 v - a potion of cancellation
 x - a potion of resistance
 z - a potion of lignification
 L - a potion of ambrosia
Comestibles
 f - 5 rations


   Skills:
 + Level 9.9 Fighting
 * Level 13.8 Axes
 - Level 3.2 Armour
 - Level 3.2 Shields


You had 8 spell levels left.
You didn't know any spells.
Your spell library contained the following spells:

 Spells                   Type           Power        Failure   Level
 Animate Skeleton         Necr           N/A          100%        1
 Pain                     Necr           #...         100%        1
 Poisonous Vapours        Pois/Air       #.....       100%        2
 Conjure Flame            Conj/Fire      #.......     100%        3
 Mephitic Cloud           Conj/Pois/Air  #.......     100%        3
 Vampiric Draining        Necr           #.........   100%        3
 Animate Dead             Necr           N/A          100%        4
 Agony                    Necr           #.......     100%        5
 Freezing Cloud           Conj/Ice/Air   #.........   100%        6
 Ring of Flames           Chrm/Fire      #.........   100%        7


Dungeon Overview and Level Annotations

Branches:
Dungeon (8/15)             Temple (1/1) D:5          Bailey (1/1)
   Lair: D:8-11

Altars:
Ashenzari
Dithmenos
Elyvilon
Fedhas
Gozag
Hepliaklqana
Kikubaaqudgha
Makhleb
Nemelex Xobeh
Okawaru
Qazlal
Ru
Sif Muna
Trog
Uskayaw
Vehumet
Wu Jian
Xom
Yredelemnul
Zin
The Shining One

Shops:
D:5 =


Message History

You slash the orc knight!
You kill the orc knight!
Okawaru is honoured by your kill.
You hit the orc warrior but do no damage. x2
The orc warrior no longer looks unusually strong.
The orc warrior barely misses you.
Unknown command.
Evoke which item? (* to show all) (? for menu, Esc to quit)
Aiming: Corrosive Bolt
Press: ? - help, Shift-Dir - straight line, f/p - orc warrior
Aim: an orc warrior, wielding a +0 hand axe and wearing a +0 ring mail (almost dead, covered in acid)
The bolt of acid misses the orc warrior.
The bolt of acid hits the orc warrior!
The orc warrior is splashed with acid.
The orc warrior seems to be corroded for longer.
You kill the orc warrior!
Okawaru accepts your kill.
The orc warrior hits you with a +0 war axe!
* * * LOW HITPOINT WARNING * * *
The orc warrior hits you with a +0 battleaxe!
You die...

##### #(..#
#...# #o@)#
##o######
#)gg#...#
...8)g.oo#
?..#...#.)$#
######'######
... ... ...


You could see 2 orc warriors, 2 hobgoblins and a goblin.

Vanquished Creatures
  An orc knight (Bailey)
  Pikel (D:7)
  3 orc warriors (Bailey)
  A sky beast (D:5)
  An ice beast (D:8)
  3 ogres
  4 phantoms
  A big kobold (D:8)
  3 lemures
  Blork the orc (D:5)
  3 bullfrogs (D:8)
  A wyvern zombie (D:6)
  A scorpion (D:6)
  A quasit (D:7)
  2 hounds
  Ijyb (D:3)
  2 orc priests
  An iguana (D:4)
  3 orc wizards (D:7)
  6 worker ants
  A howler monkey zombie (D:7)
  5 adders
  A gnoll (Bailey)
  2 shadow imps
  A white imp (D:8)
  2 ufetubi
  2 adder skeletons (D:4)
  A worm (D:2)
  4 dart slugs
  2 leopard geckos
  20 orcs
  6 giant cockroaches
  4 hobgoblins
  7 jackals
  2 quokkas
  3 ball pythons
  4 bats
  5 frilled lizards
  9 goblins
  28 kobolds
  11 rats
160 creatures vanquished.

Notes
Turn   | Place    | Note
-------+----------+-------------------------------------------
     0 | D:1      | Apogee the Hill Orc Fighter began the quest for the Orb.
     0 | D:1      | Reached XP level 1. HP: 19/19 MP: 1/1
    60 | D:1      | Reached skill level 3 in Axes
   255 | D:1      | Reached XP level 2. HP: 17/27 MP: 2/2
  1143 | D:2      | Reached skill level 4 in Axes
  1197 | D:2      | Reached XP level 3. HP: 28/33 MP: 3/3
  2355 | D:3      | Noticed Ijyb
  2469 | D:3      | Reached XP level 4. HP: 36/41 MP: 4/4
  2541 | D:3      | Found a faded altar of an unknown god.
  2631 | D:3      | Killed Ijyb
  2631 | D:3      | Reached skill level 5 in Axes
  2922 | D:3      | Found a blossoming altar of Fedhas.
  2923 | D:3      | Found a hazy altar of Hepliaklqana.
  2923 | D:3      | Found a sparkling altar of Nemelex Xobeh.
  3586 | D:4      | Reached XP level 5. HP: 41/47 MP: 5/5
  3900 | D:4      | Found a shattered altar of Ashenzari.
  3956 | D:4      | Reached skill level 6 in Axes
  3963 | D:4      | Reached skill level 5 in Fighting
  4197 | D:4      | Found a stormy altar of Qazlal.
  4302 | D:4      | Noticed an ogre
  4309 | D:4      | Killed an ogre
  4309 | D:4      | Reached skill level 7 in Axes
  4309 | D:4      | Reached XP level 6. HP: 8/56 MP: 6/6
  4709 | D:4      | Noticed a phantom
  4732 | D:4      | Found a radiant altar of Vehumet.
  4739 | D:4      | Killed a phantom
  4739 | D:4      | Reached skill level 8 in Axes
  4739 | D:4      | Reached XP level 7. HP: 41/63 MP: 7/7
  5015 | D:4      | Found Ciumutil's Magic Scroll Shoppe.
  5052 | D:5      | Entered Level 5 of the Dungeon
  5115 | D:5      | Found a staircase to the Ecumenical Temple.
  5150 | Temple   | Entered the Ecumenical Temple
  5265 | Temple   | Became a worshipper of Warmaster Okawaru
  5301 | D:5      | Reached skill level 9 in Axes
  5344 | D:5      | Noticed Blork the orc
  5353 | D:5      | Killed Blork the orc
  5453 | D:5      | Found Uczurh Gare's Jewellery Emporium.
  5464 | D:5      | Reached XP level 8. HP: 30/73 MP: 8/8
  5867 | D:5      | Reached skill level 10 in Axes
  6447 | D:6      | Reached * piety under Okawaru
  6578 | D:7      | Found a shadowy altar of Dithmenos.
  6790 | D:7      | Reached skill level 11 in Axes
  6810 | D:7      | Noticed Pikel
  7320 | D:7      | Found a shimmering blue altar of Sif Muna.
  7481 | D:7      | Found a basalt altar of Yredelemnul.
  7584 | D:7      | Killed Pikel
  7584 | D:7      | Reached ** piety under Okawaru
  7584 | D:7      | Reached skill level 12 in Axes
  7584 | D:7      | Reached XP level 9. HP: 72/82 MP: 9/9
  7654 | D:7      | Found a bloodstained altar of Trog.
  8064 | D:8      | Found a flagged portal.
  8081 | Bailey   | Entered a bailey
  8479 | Bailey   | Noticed an orc knight
  8484 | Bailey   | Reached *** piety under Okawaru
  8484 | Bailey   | Reached skill level 13 in Axes
  8497 | Bailey   | Killed an orc knight
  8498 | Bailey   | Slain by an orc warrior

Illustrated notes

Levels and vault maps discovered:
D:1:      dpeg_arrival_arbitrary_c, layout_loops_cross
D:2:      layout_loops_ring, minmay_tetromino_l2
D:3:      layout_basic, chequers_temple_overflow_statue_of_worship,
          chequers_ecumenical_altar_lobes, uniq_ijyb
D:4:      layout_rooms, evilmike_ruin_ashenzari, vehumet_crystals,
          old_standard_altar, first_ration, serial_shops, kennysheep_little_box
D:5:      layout_cave_pools, minmay_temple_entry_statues_fountains,
          serial_shops, shop_statue, minmay_misc_feat_four_crosses,
          uniq_blork_the_orc
D:6:      layout_basic
D:7:      layout_gridville, lemuel_coloured_pillars_altar,
          nicolae_dithmenos_through_a_glass_darkly, lemuel_doored_altar,
          lemuel_blue_sif_altar, uniq_pikel
D:8:      layout_loops_ring, enter_bailey_2
Temple:   jpeg_temple_clearing
Bailey:   bailey_axe_1, bailey

Skill      XL: |  1  2  3  4  5  6  7  8  9 |
---------------+----------------------------+-----
Axes           | 3 4 5 7 8 9 12 13 | 13.8
Fighting       | 4 5 6 7 8 9 |  9.9
Armour         | |  3.2
Shields        | |  3.2

Action                   |  1- 3 |  4- 6 |  7- 9 || total
-------------------------+-------+-------+-------++-------
Melee: War axe           |   187 |   146 |   303 ||   636
Throw: Javelin           |       |       |     4 ||     4
 Abil: Evoke Flight      |       |       |     2 ||     2
       Stop Flying       |       |       |     1 ||     1
Evoke: Wand              |       |     1 |     9 ||    10
  Use: Scroll            |       |     9 |    11 ||    20
       Potion            |       |       |     5 ||     5
  Eat: Ration            |     2 |     2 |     4 ||     8
Armor: Scale mail        |    28 |       |       ||    28
       Plate armour      |   124 |   109 |   189 ||   422
Dodge: Dodged            |    65 |    50 |   176 ||   291

Table legend:
 A = Non-vault XP
 B = Vault XP
 C = Vault XP percentage of total XP
 D = Non-vault monster count
 E = Vault monster count
 F = Vault count percentage of total count
                 A         B        C        D         E       F
            +---------+---------+-------+---------+---------+-------
      Total |    2529 |    1839 |  42.1 |     126 |      31 |  19.7
            +---------+---------+-------+---------+---------+-------
        D:1 |      30 |       0 |   0.0 |      21 |       0 |   0.0
        D:2 |      48 |       1 |   2.0 |      21 |       1 |   4.5
        D:3 |      45 |      38 |  45.8 |      15 |       1 |   6.2
        D:4 |     563 |       0 |   0.0 |      23 |       0 |   0.0
        D:5 |     522 |      90 |  14.7 |      13 |       1 |   7.1
        D:6 |     284 |       0 |   0.0 |       5 |       0 |   0.0
        D:7 |     469 |     607 |  56.4 |      18 |       1 |   5.3
        D:8 |     568 |       0 |   0.0 |      10 |       0 |   0.0
     Bailey |       0 |    1103 | 100.0 |       0 |      27 | 100.0
            +---------+---------+-------+---------+---------+-------
